[Event "Régional Jeunes Occitanie 2024"]
[Site "L'Isle Jourdain, France"]
[Date "2024.02.20"]
[Round "1.2"]
[White "DEPRET, Gabriel"]
[Black "MORENO-CHABOT, Clement"]
[Result "0-1"]
[TimeControl "1h30 + 30s/cps"]
[WhiteElo "1199"]
[BlackElo "1771"]

1. d4 d5 2. Nc3 c6 3. Bf4 Nf6 4. Nf3 g6 5. e3 Bg7 6. Bd3 Nbd7 7. O-O O-O 8. e4 dxe4 9.
Nxe4 Nxe4 10. Bxe4 Nf6 11. Bd3 Qb6 12. b3 Nd5 13. Be3 Bg4 14. Bc4 Rad8 15. Bxd5 Rxd5 16. c4 Rdd8 17. d5 Qa6 18.
Bd4 Bxf3 19. gxf3 Bxd4 20. Qxd4 cxd5 21. c5 e6 22.
a4 Qe2 23. Qe3 Qc2 24. Rfc1 Qf5 25. Kg2 h5 26. h4 e5 27.
Qg5 Qe6 28. b4 Kg7 29. b5 f6 30. Qg3 Rc8 31. Qh3 f5 32. f4 d4 33. a5 Qd5+ 34. Kh2 Rxc5 35. Rxc5 Qxc5 36. b6 axb6 37.
axb6 e4 38. Qb3 Rf7 39. Ra4 Rd7 40. Rc4 Qd5 41. Qc2 Kf7 42. Rc7 Ke7 43. Qc5+ Qxc5 44. Rxc5 d3 45. Rc1 d2 46. Rd1 Rd3 47.
Kg2 Kd6 48. Kf1 Kc5 49. Ke2 Kxb6 50. Rg1 d1=Q+ 51. Rxd1 Rxd1 52. Kxd1 Kc5 53. Ke2 Kc4 54. Kd2 Kb3 55. Kc1 b5 56.
Kb1 b4 57. Ka1 Kc2 58. Ka2 b3+ 59. Ka3 b2 60. Kb4 b1=Q+ 61. Kc4 Qd1 62. Kb4 Qd4+ 63. Ka3 Qb6 64. Ka4 Kc3 65. Ka3 Qb3# 0-1

[Event "Régional Jeunes Occitanie 2024"]
[Site "L'Isle Jourdain, France"]
[Date "2024.02.20"]
[Round "1.5"]
[White "DUCOS, Antonios"]
[Black "DECAUX, Dragan"]
[Result "1-0"]
[TimeControl "1h30 + 30s/cps"]
[WhiteElo "1544"]
[BlackElo "1199"]

1. d4 d5 2. Bf4 Nc6 3. Nf3 Nf6 4. e3 e6 5. Nbd2 Bd6 6. Bg3 Qe7 7. c3 e5 8. Bb5 Bg4 9. dxe5 Bxf3 10. Nxf3 Bxe5 11. Nxe5 Qe6 12. Qa4 O-O 13. Bxc6 bxc6 14. Qxc6 Qe7 15. O-O Rad8 16. Nd3 Rc8 17. Nb4 Rfd8 18. Rad1 Ne4 19.
Nxd5 Rxd5 20. Qxd5 Nxg3 21. hxg3 c6 22. Qd7 Qf8 23. Rd6 h6 24. Rfd1 Kh7 25. Rxc6 Re8 26. Rc7 Kg8 27. Rxa7 g6 28. Qd4 f6 29. Qd7 1-0

[Event "Régional Jeunes Occitanie 2024"]
[Site "L'Isle Jourdain, France"]
[Date "2024.02.20"]
[Round "1.4"]
[White "PERROUIN, Alexian"]
[Black "FUCHS, Louison"]
[Result "1-0"]
[TimeControl "1h30 + 30s/cps"]
[WhiteElo "1829"]
[BlackElo "1285"]

1. e4 e5 2. Nf3 Nc6 3. Bb5 a6 4. Ba4 Nf6 5. O-O b5 6. Bb3 Bc5 7. c3 d5 8. exd5 Nxd5 9. Nxe5 Nxe5 10. d4 Bb6 11. dxe5 Bb7 12. Qg4 g6 13. Bg5 Qd7 14. Qh4 h6 15. Bf6 Nxf6 16. Qxf6 Rf8 17. h3 Qc6 18. Qxc6+ Bxc6 19. Nd2 O-O-O 20. Rad1 a5 21. Rfe1 Bd5 22. c4 Bc6 23. cxb5 Bxb5 24.
Nc4 Bc5 25. a4 Bxc4 26. Bxc4 Rd4 27. Rc1 Bb6 28. Re2 Kd7 29. Bxf7 Rf4 30. e6+ Ke7 31. Rd1 Bd4 32. g3 1-0

[Event "Régional Jeunes Occitanie 2024"]
[Site "L'Isle Jourdain, France"]
[Date "2024.02.20"]
[Round "1.1"]
[White "ROUX, Nathan"]
[Black "BAUDEAN, Romeo"]
[Result "1-0"]
[TimeControl "1h30 + 30s/cps"]
[WhiteElo "1810"]
[BlackElo "1199"]

1. d4 d5 2. c4 Nf6 3. cxd5 Qxd5 4. Nc3 Qd7 5. Nf3 e6 6. e4 c5 7. Bb5 Nc6 8. d5 exd5 9. exd5 a6 10. dxc6 Qxd1+ 11. Kxd1 axb5 12. Nxb5 Nd5 13. Re1+ Be7 14. cxb7 Bxb7 15. Nd6+ Kd7 16. Nxb7 Rhb8 17. Rxe7+ Nxe7 18. Nxc5+ Ke8 19.
Kc2 Rc8 20. b4 Nd5 21. Bd2 Rab8 22. a3 Kf8 23. Ne5 Kg8 24. Ned7 Rb7 25. Kb3 Rbc7 26. a4 Ne7 27. Be3 Ra8 28. b5 Ra5 29. b6 Rc8 30. b7 Raa8 31.
bxc8=Q+ Nxc8 32. a5 h6 33. a6 g5 34. Nb7 Kh7 35. a7 f5 36. Nf6+ Kg6 37. Nd5 Ne7 38. Nxe7+ Kf6 39. Nd5+ Ke5 40. Nb6 Re8 41. Nd7+ Ke6 42. Nb8 f4 43. a8=Q fxe3 44. Qa6+ Kf7 45. Nd6+ Ke7 46. Nf5+ Kf8 47. Qf6+ Kg8 48. Qg7# 1-0

[Event "Régional Jeunes Occitanie 2024"]
[Site "L'Isle Jourdain, France"]
[Date "2024.02.20"]
[Round "1.8"]
[White "MARTINEZ, Julien"]
[Black "HOUBART, Alois"]
[Result "1-0"]
[TimeControl "1h30 + 30s/cps"]
[WhiteElo "1556"]
[BlackElo "1099"]

1. d4 d5 2. Nf3 e6 3. Bf4 Nf6 4. e3 Bd7 5.
Nbd2 Be7 6. Bd3 O-O 7. Ne5 Bd6 8. g4 g5 9. Bxg5 Bxe5 10. dxe5 Nc6 11. Bxf6 Qe8 12. Nf3 Rb8 13. Ng5 h6 14. Bh7# 1-0

[Event "Régional Jeunes Occitanie 2024"]
[Site "L'Isle Jourdain, France"]
[Date "2024.02.20"]
[Round "1.7"]
[White "HOREN EVRARD, Enolane"]
[Black "BAUER, Pierre"]
[Result "0-1"]
[TimeControl "1h30 + 30s/cps"]
[WhiteElo "1099"]
[BlackElo "1765"]

1. d4 Nf6 2. Bf4 g6 3. Nf3 Bg7 4. e3 O-O 5. Bd3 d6 6. O-O Nc6 7. a3 Re8 8. c4 e5 9. Bg5 e4 10.
Bc2 exf3 11. Qxf3 h6 12. Bh4 g5 13. Bg3 Bg4 14. Qxc6 bxc6 15. Ba4 Bd7 0-1

[Event "Régional Jeunes Occitanie 2024"]
[Site "L'Isle Jourdain, France"]
[Date "2024.02.20"]
[Round "1.3"]
[White "ROUBAUD, Louis-Alexandre"]
[Black "PIERROT, Yohann"]
[Result "0-1"]
[TimeControl "1h30 + 30s/cps"]
[WhiteElo "1293"]
[BlackElo "2053"]

1. d4 g6 2. e4 Bg7 3. Nf3 d6 4. h3 Nf6 5. Nbd2 Nc6 6. c3 O-O 7. Bc4 e5 8. dxe5 dxe5 9. O-O Qe7 10.
Qe2 Be6 11. Bxe6 Qxe6 12. Nc4 h6 13. b3 b5 14. Ncd2 a6 15. Bb2 Nh5 16. Qe3 Rfd8 17. Rad1 a5 18. c4 Nb4 19. a3 Nd3 20. Ba1 Ndf4 21. cxb5 Rd3 22. Qc5 Nxg2 23. Bxe5 Ngf4 24. Bxf4 Nxf4 25. Qxc7 g5 26. Qc6 Qxh3 27. Qxa8+ Kh7 28. Nxg5+ hxg5 29. e5 Ne2# 0-1

[Event "Régional Jeunes Occitanie 2024"]
[Site "L'Isle Jourdain, France"]
[Date "2024.02.20"]
[Round "1.6"]
[White "DUCOS, Ermioni"]
[Black "WITTMANN, Paul"]
[Result "0-1"]
[TimeControl "1h30 + 30s/cps"]
[WhiteElo "1199"]
[BlackElo "1536"]

1. e4 c5 2. Bc4 e6 3. Nc3 Nf6 4. a3 Nc6 5. d3 d5 6. exd5 exd5 7. Ba2 Be7 8. Nge2 Bf5 9. Ng3 Bg6 10. Bg5 d4 11. Nce2 O-O 12. O-O h6 13. h3 hxg5 14. Qd2 Nh7 15. Bc4 Ne5 16. Ba2 Bd6 17.
Ne4 Bxe4 18. dxe4 g4 19. Nf4 Qg5 20. Rad1 Nf3+ 21. gxf3 Bxf4 22. h4 Qh6 23. Qe2 Qxh4 0-1

[ePGN "0.1;DGT LiveChess/2.2.6"]

[Event "Régional Jeunes Occitanie 2024"]
[Site "L'Isle Jourdain, France"]
[Date "2024.02.21"]
[Round "2.6"]
[White "WITTMANN, Paul"]
[Black "BROT-CORNET, Leonard"]
[Result "1-0"]
[TimeControl "1h30 + 30s/cps"]
[WhiteElo "1536"]
[BlackElo "1266"]

1. e4 e6 2. d4 d5 3. exd5 exd5 4. c4 Nf6 5. Nc3 Bb4 6. Bg5 c6 7. Qb3 Qe7+ 8. Be2 dxc4 9. Qxc4 Be6 10.
Qd3 Nbd7 11. Nf3 h6 12. Bh4 O-O 13. O-O Rfe8 14. Rfe1 Rac8 15. a3 Ba5 16. Ne5 Qd6 17. Bd1 Nd5 18.
Nxd7 Bxd7 19. Bc2 g6 20. Ne4 Bf5 21. Nxd6 Rxe1+ 22. Rxe1 Bxd3 23. Nxc8 Bxe1 24. Bxd3 Ba5 25. Ne7+ Nxe7 26.
Bxe7 Bb6 27. Bc5 Bxc5 28. dxc5 Kg7 29. Kf1 Kf6 30. Ke2 Ke5 31. Ke3 g5 32. g3 f6 33. f4+ Ke6 34. Ke4 f5+ 35.
Kd4 g4 36. Bc4+ Kf6 37. b3 h5 38. b4 b6 39. a4 bxc5+ 40. Kxc5 Ke7 41. Kxc6 Kf6 42. Kd6 a5 43. b5 Kg7 44. Ke7 Kh6 45. Kf7 h4 46. b6 h3 47. b7 Kh5 48. b8=R Kh6 49. Rh8+ 1-0

[Event "Régional Jeunes Occitanie 2024"]
[Site "L'Isle Jourdain, France"]
[Date "2024.02.21"]
[Round "2.3"]
[White "PIERROT, Yohann"]
[Black "FLEUTIAUX, Bertrand"]
[Result "1-0"]
[TimeControl "1h30 + 30s/cps"]
[WhiteElo "2053"]
[BlackElo "1563"]

1. e4 e5 2. Nf3 Nc6 3. Bc4 Bc5 4. d3 Nf6 5. c3 d6 6. O-O h6 7. a4 a5 8. Nbd2 O-O 9. Re1 Be6 10.
h3 Qd7 11. Bb5 Qe7 12. Nf1 Na7 13. d4 exd4 14. Nxd4 Bxd4 15. cxd4 Nxb5 16. axb5 b6 17. Ng3 Qe8 18. d5 Bd7 19.
Bd2 Bxb5 20. Bc3 Qd8 21. Qf3 Bd7 22. Rac1 Rc8 23. Kh2 Re8 24. Bxf6 Qxf6 25. Qxf6 gxf6 26. Nh5 Kh8 27. Nxf6 Re7 28.
Nxd7 Rxd7 29. Rc6 Re8 30. f3 Kg7 31. Rec1 Ree7 32. Kg3 Kg6 33. Kf4 f6 34. b3 Rf7 35. g4 Rfe7 36. h4 Kg7 37.
R6c2 Kg6 38. Rg2 Re5 39. Ke3 Ree7 40. f4 Rg7 41. f5+ Kf7 42. Kf4 Re7 43. Rc4 Rd7 44. Rg3 Re7 45. Rc2 Rd7 46. Rgc3 Kf8 47. g5 hxg5+ 48. hxg5 fxg5+ 49. Kg4 Rde7 50. Rc4 Re5 51. Rh2 Rge7 52. Kxg5 Rxe4 53. Rxe4 Rxe4 54. Kf6 Kg8 55. Rc2 Re5 56. Rxc7 Rxd5 57. Kg6 Kf8 58. f6 Rc5 59. Rh7 Ke8 60. Rh8+ Kd7 61. f7 Rc1 62. f8=Q Rg1+ 63. Kh5 1-0

[Event "Régional Jeunes Occitanie 2024"]
[Site "L'Isle Jourdain, France"]
[Date "2024.02.21"]
[Round "2.1"]
[White "BELLINI, Luca"]
[Black "ROUX, Nathan"]
[Result "0-1"]
[TimeControl "1h30 + 30s/cps"]
[WhiteElo "1311"]
[BlackElo "1810"]

1. c4 Nf6 2. d4 e6 3. Nf3 Bb4+ 4.
Bd2 Qe7 5. a3 Bxd2+ 6. Nbxd2 d5 7. e3 O-O 8. Qc2 c6 9. c5 a5 10. Ne5 Nbd7 11. Ndf3 Nxe5 12. Nxe5 Nd7 13. Nxd7 Bxd7 14.
Be2 e5 15. O-O Qg5 16. f4 exf4 17. Rxf4 Rfe8 18. Qd2 Re7 19. Re1 Bf5 20. Ref1 Bh3 21. Bf3 Rae8 22. Re1 h5 23. Kf2 Bg4 24.
Bxg4 hxg4 25. Kg3 Qh6 26. Qd3 Re4 27. Rxe4 Rxe4 28. Qd2 g5 29. h3 gxh3 30. gxh3 Rh4 31. Qg2 f5 32. Rg1 g4 0-1

[Event "Régional Jeunes Occitanie 2024"]
[Site "L'Isle Jourdain, France"]
[Date "2024.02.21"]
[Round "2.4"]
[White "LAVILLEDIEU, Pierre-Loup"]
[Black "PERROUIN, Alexian"]
[Result "0-1"]
[TimeControl "1h30 + 30s/cps"]
[WhiteElo "1553"]
[BlackElo "1829"]

1. d4 Nf6 2. c4 g6 3. h4 Bg7 4. Nc3 d6 5. e4 Nbd7 6. f3 e5 7. d5 a5 8. Be3 Nc5 9. Qd2 Bd7 10.
Bh6 Bxh6 11. Qxh6 c6 12. Rd1 cxd5 13. Nxd5 Nxd5 14. cxd5 Qb6 15. b3 O-O-O 16. Bc4 f5 17. exf5 gxf5 18.
Qe3 Rhg8 19. Qf2 Rg7 20. Ne2 Rdg8 21. Rg1 Qb4+ 22. Kf1 f4 23. Nc1 Bh3 24. Nd3 Nxd3 25. Bxd3 Rxg2 26. Rxg2 Rxg2 27.
Bf5+ Kb8 28. Qe1 Qc5 29. Bxh3 Qg1# 0-1

[Event "Régional Jeunes Occitanie 2024"]
[Site "L'Isle Jourdain, France"]
[Date "2024.02.21"]
[Round "2.5"]
[White "THIRION RUTYNA, Lena"]
[Black "DUCOS, Antonios"]
[Result "1-0"]
[TimeControl "1h30 + 30s/cps"]
[WhiteElo "1273"]
[BlackElo "1544"]

1. e4 e5 2. Nf3 Nc6 3. Nc3 Nf6 4. d4 exd4 5. Nxd4 Bb4 6. Nxc6 dxc6 7. Qxd8+ Kxd8 8. Bg5 h6 9. Bxf6+ gxf6 10.
O-O-O+ Ke7 11. Ne2 f5 12. exf5 Bxf5 13. Nd4 Bg6 14. Bd3 Rhe8 15. c3 Bd6 16. Rhe1+ Kf6 17. Bxg6 fxg6 18. Nf3 Bc5 19.
Rd7 Rxe1+ 20. Nxe1 Bxf2 21. Nf3 Be3+ 22. Nd2 Bf4 23. g3 Ke6 24. Rg7 Bg5 25. Kc2 Kf5 26. Rxc7 Rb8 27. h3 Bf6 28.
Nc4 Ke4 29. Rf7 Bd8 30. Nd6+ Ke5 31. Nxb7 Ke6 32. Nxd8+ Rxd8 33. Rg7 Kf5 34. Rxa7 Ke5 35. Rg7 Rd6 36. Rf7 Ke4 37. a4 Rd5 38. Rf6 Rg5 39. g4 Ke5 40.
Rxc6 Kf4 41. Rd6 1-0

[Event "Régional Jeunes Occitanie 2024"]
[Site "L'Isle Jourdain, France"]
[Date "2024.02.21"]
[Round "2.8"]
[White "AZZI, Yanis"]
[Black "MARTINEZ, Julien"]
[Result "0-1"]
[TimeControl "1h30 + 30s/cps"]
[WhiteElo "1142"]
[BlackElo "1556"]

1. e4 c6 2. Nf3 d5 3. exd5 cxd5 4. Nc3 Nc6 5. d4 Nf6 6. Bf4 Bf5 7. Bd3 Bxd3 8. Qxd3 e6 9. a3 Bd6 10.
Ne5 Qc7 11. Nb5 Qa5+ 12. c3 Be7 13. Bd2 Qd8 14. O-O a6 15. a4 axb5 16. Qxb5 Qc7 17. a5 Ra6 18. Nd3 O-O 19. Bf4 Qc8 20.
Nc5 Bxc5 21. dxc5 Ne4 22. b4 Nxc3 23. Qd3 Ne4 24. b5 Rxa5 25. bxc6 Rxa1 26. Rxa1 Qxc6 27. Rc1 b6 28. Be3 bxc5 29.
Qe2 e5 30. Qg4 f5 31. Qe2 f4 32. Bd2 Nxd2 33. Qxd2 d4 34. Qa2+ Kh8 35. Qb2 f3 36. Rb1 Qc7 37. gxf3 h6 38.
Qc2 Rxf3 39. Qe2 Rf6 40. h4 c4 41. Ra1 Qc6 42. Rc1 Rg6+ 43. Kf1 Qh1# 0-1

[Event "Régional Jeunes Occitanie 2024"]
[Site "L'Isle Jourdain, France"]
[Date "2024.02.21"]
[Round "2.7"]
[White "BAUER, Pierre"]
[Black "VARDANYAN, Helene"]
[Result "1-0"]
[TimeControl "1h30 + 30s/cps"]
[WhiteElo "1765"]
[BlackElo "1154"]

1. c4 e5 2. Nc3 Nf6 3.
g3 Bb4 4. Bg2 O-O 5. Qb3 Bxc3 6. Qxc3 Re8 7. d3 h6 8. e3 d5 9. Ne2 dxc4 10. dxc4 Nc6 11. b4 a6 12. O-O Bf5 13.
Ba3 Qd3 14. Rfe1 Rad8 15. Rac1 Ne4 16. Qb2 Qd2 17. b5 Qxb2 18. Bxb2 Na7 19. Nc3 Nd2 20. Nd5 Bg4 21. bxa6 bxa6 22.
Nxc7 Re7 23. Nxa6 Nf3+ 24. Bxf3 Bxf3 25. Bc3 Nc6 26. e4 Nd4 27. Kf1 Red7 28. Re3 Bh1 29. Kg1 Nf3+ 30. Kxh1 Rd1+ 31.
Rxd1 Rxd1+ 32. Kg2 Nd4 33. c5 g5 34. Re1 Rd3 35. Bxd4 Rxd4 36. Rc1 Ra4 37. c6 Rxa6 38. c7 Ra8 39.
Rd1 Kg7 40. Rd8 Rxd8 41. cxd8=Q Kh7 42. Qf6 h5 43. Qxg5 h4 44. Qxh4+ Kg6 45. Kf3 f6 46. Kg4 Kf7 47. Kf5 Ke8 48.
Qh7 Kd8 49. Ke6 Kc8 50. Kd6 Kb8 51. Kc6 Ka8 52. Qb7# 1-0

[Event "Régional Jeunes Occitanie 2024"]
[Site "L'Isle Jourdain, France"]
[Date "2024.02.21"]
[Round "2.2"]
[White "MORENO-CHABOT, Clement"]
[Black "AUTHIER, Clea"]
[Result "1-0"]
[TimeControl "1h30 + 30s/cps"]
[WhiteElo "1771"]
[BlackElo "1323"]

1. d4 Nf6 2. c4 e6 3. g3 c5 4. d5 d6 5. Bg2 Qb6 6. Nc3 g6 7. e4 Bg7 8. Nge2 O-O 9. O-O exd5 10.
cxd5 Re8 11. Qc2 Nbd7 12. h3 a6 13. Be3 Qd8 14. a4 Ne5 15. f4 Nc4 16. Bf2 Bd7 17. b3 Na5 18. Rab1 b5 19.
b4 cxb4 20. Rxb4 Rc8 21. Qd3 Nc4 22. axb5 axb5 23. Nxb5 Bxb5 24. Rxb5 Nb6 25. Rxb6 Qe7 26. Rb4 Nd7 27. Rb7 Qd8 28.
Qb5 Nc5 29. Bxc5 Rxc5 30. Qd7 Qxd7 31. Rxd7 f5 32. Rxd6 fxe4 33. Re6 Rxe6 34. dxe6 Kf8 35. Rd1 Rc2 36. Kf2 Rc4 37. Rd8+ Ke7 38.
Rd7+ Kf8 39. Rf7+ Kg8 40. Rb7 Kf8 41. Ke3 Rc6 42. Nd4 Bxd4+ 43. Kxd4 Rxe6 44. Bxe4 h6 45. Kd5 Re8 46. Bxg6 Rd8+ 47.
Ke6 Rc8 48. Bf5 1-0

[ePGN "0.1;DGT LiveChess/2.2.6"]

[Event "Régional Jeunes Occitanie 2024"]
[Site "L'Isle Jourdain, France"]
[Date "2024.02.22"]
[Round "3.8"]
[White "MARTINEZ, Julien"]
[Black "DUQUESNE, Basile"]
[Result "1-0"]
[TimeControl "1h30 + 30s/cps"]
[WhiteElo "1556"]
[BlackElo "1225"]

1. d4 d5 2. Nf3 Nf6 3. Bf4 e6 4. e3 Bd6 5. Ne5 O-O 6. g4 h6 7. h4 Bxe5 8. dxe5 Ne4 9. g5 hxg5 10. hxg5 g6 11. Qg4 Re8 12. f3 Nc5 13. Qh4 Kf8 14.
Qh8+ Ke7 15. Qf6+ Kd7 16. Qxf7+ Re7 17. Qxg6 Qe8 18. Qxe8+ Rxe8 19. Rh7+ Kd8 20. g6 Rg8 21. Bg5+ Ke8 22.
Re7+ Kf8 23. Rxc7 Nbd7 24. b4 Na6 25. Bxa6 bxa6 26. Bf4 Rxg6 27. Kf2 Nb6 28. Nd2 Bd7 29. Nb3 Rc8 30. Rxc8+ Bxc8 31.
Nc5 Nd7 32. Nb3 Nb6 33. Rh1 Kg8 34. Bg3 Rg5 35. Nc5 Nc4 36. f4 Rf5 37. Ke2 Rf7 38. Rh6 Re7 39. Bh4 Re8 40. Bf6 a5 41.
bxa5 Nxa5 42. Rh8+ Kf7 43. Rh7+ Kg6 44. Rg7+ Kh6 45. Rxa7 Nc6 46. Ra4 Rg8 47. Kf2 Kg6 48. c3 Kf5 49.
Ra8 Kg4 50. Nb7 Re8 51. Nd6 1-0

[Event "Régional Jeunes Occitanie 2024"]
[Site "L'Isle Jourdain, France"]
[Date "2024.02.22"]
[Round "3.6"]
[White "KARKOS, Paul"]
[Black "LAVAL, Nolan"]
[Result "0-1"]
[TimeControl "1h30 + 30s/cps"]
[WhiteElo "1277"]
[BlackElo "1454"]

1. e4 c5 2. Nc3 Nc6 3. Bc4 e6 4. Nge2 Nge7 5. O-O g6 6. f4 d5 7. exd5 exd5 8. Bb5 Bg7 9. d3 O-O 10.
Bd2 Nd4 11. Rb1 a6 12. Bc4 dxc4 13. dxc4 Bf5 14. Rc1 Nec6 15. a3 Re8 16. Ng3 Qd7 17. Be1 Rad8 18. Nd5 Bg4 19. Qd2 Ne2+ 20.
Nxe2 Bxe2 21. Rf2 Bd4 22. Qxd4 Nxd4 23. Nf6+ Kg7 24. Nxd7 Rxd7 25. Kh1 Bxc4 26. Bc3 Kg8 27. Bxd4 cxd4 28.
b3 Bb5 29. h4 Re2 30. Rxe2 Bxe2 31. Kg1 Bg4 32. Kf2 Kg7 33. a4 Kf6 34. Re1 Bf5 35. Re2 Rc7 36. b4 Rxc2 37. Rxc2 Bxc2 38.
a5 Ke6 39. g3 f5 40. Ke2 Kd5 0-1

[Event "Régional Jeunes Occitanie 2024"]
[Site "L'Isle Jourdain, France"]
[Date "2024.02.22"]
[Round "3.2"]
[White "BALDASSARI, Milan"]
[Black "MORENO-CHABOT, Clement"]
[Result "0-1"]
[TimeControl "1h30 + 30s/cps"]
[WhiteElo "1357"]
[BlackElo "1771"]

1. b3 d5 2. Bb2 Nf6 3. e3 c5 4.
f4 Nc6 5. Bb5 Bd7 6. Nf3 e6 7. O-O Qb6 8. Bxc6 Bxc6 9. Ne5 Qc7 10. d3 O-O-O 11. Nd2 Be8 12. Ndf3 Ng8 13. d4 f6 14.
Nd3 c4 15. Nf2 Bb5 16. c3 cxb3 17. Re1 bxa2 18. Rxa2 a6 19. Ba3 Ne7 20. Nd3 Qc4 21. Nb4 Nf5 22. Nd2 Qc7 23. Qc2 Nd6 24.
Nd3 Nc4 25. Bxf8 Rhxf8 26. Nxc4 Bxc4 27. Rb2 Bxd3 28. Qxd3 f5 29. Reb1 b5 30. Qc2 Rd6 31. Qb3 Rc6 32. Qa3 Rd8 33.
Rb3 Rdd6 34. Kf2 Rc4 35. Ke2 Ra4 36. Qb2 Qa5 37. Kd3 Ra2 38. Qc1 Qc7 39. R1b2 Rxb2 40. Qxb2 Qc4+ 41. Kd2 Qf1 42.
g3 Kc7 43. Ra3 Qf2+ 44. Kc1 Qxe3+ 45. Kb1 Qd3+ 46. Ka1 Qd1+ 47. Ka2 Qf1 48. Rb3 Rc6 49. Qa3 Qe2+ 50. Rb2 Qc4+ 51. Ka1 Kb6 52.
Qe7 Qxc3 53. Qd8+ Rc7 54. Kb1 Kb7 55. Qd6 Qxd4 0-1

[Event "Régional Jeunes Occitanie 2024"]
[Site "L'Isle Jourdain, France"]
[Date "2024.02.22"]
[Round "3.4"]
[White "PERROUIN, Alexian"]
[Black "MEDJEBER, Mohamed"]
[Result "1-0"]
[TimeControl "1h30 + 30s/cps"]
[WhiteElo "1829"]
[BlackElo "1474"]

1. e4 c5 2. Nf3 Nc6 3. Bb5 d6 4. O-O Bd7 5. Re1 e6 6. c3 Nf6 7. d4 Be7 8. Bf1 cxd4 9. cxd4 d5 10.
e5 Ne4 11. Nbd2 Nxd2 12. Bxd2 Qb6 13. Bc3 a5 14. Bd3 O-O 15. h4 Nb4 16. Bb1 Rfc8 17. Re3 h6 18. a3 Nc6 19. Nh2 Bxh4 20.
Qg4 Be7 21. Rg3 Bf8 22. Qf4 g5 23. Ng4 Qd8 24. Nf6+ Kh8 25. Rxg5 Bg7 26. Rh5 Qf8 27. Nxd7 Qg8 28. Rxh6+ Bxh6 29.
Qxh6+ Qh7 30. Qxh7# 1-0

[Event "Régional Jeunes Occitanie 2024"]
[Site "L'Isle Jourdain, France"]
[Date "2024.02.22"]
[Round "3.1"]
[White "ROUX, Nathan"]
[Black "BEUCHER, Gauthier"]
[Result "0-1"]
[TimeControl "1h30 + 30s/cps"]
[WhiteElo "1810"]
[BlackElo "1484"]

1. d4 Nf6 2. c4 g6 3. Nc3 Bg7 4. e4 d6 5. Be2 O-O 6. Nf3 e5 7. dxe5 dxe5 8. Qxd8 Rxd8 9. Bg5 c6 10.
O-O Re8 11. Rfd1 Na6 12. a3 Nc5 13. Nd2 Ne6 14. Bxf6 Bxf6 15. b4 Nd4 16. Bf1 Be6 17. Rab1 Bg7 18. b5 Bf8 19. a4 Reb8 20.
a5 a6 21. b6 Rd8 22. Na4 f6 23. c5 Rd7 24. Bc4 Rad8 25. Kf1 Bxc4+ 26. Nxc4 Ne6 27. Nd6 Bxd6 28. cxd6 Rxd6 29. Ke1 Kf7 30.
g3 Ke7 31. Rxd6 Rxd6 32. Rd1 Rxd1+ 33. Kxd1 Kd6 34. Kc2 f5 35. f3 Nd4+ 36. Kd3 Nxf3 37. Kc4 Nd2+ 38. Kb4 Nxe4 0-1

[Event "Régional Jeunes Occitanie 2024"]
[Site "L'Isle Jourdain, France"]
[Date "2024.02.22"]
[Round "3.3"]
[White "LAVILLEDIEU, Lily-Mei"]
[Black "PIERROT, Yohann"]
[Result "0-1"]
[TimeControl "1h30 + 30s/cps"]
[WhiteElo "1619"]
[BlackElo "2053"]

1. d4 Nf6 2. c4 g6 3. Nc3 d5 4. Nf3 Bg7 5. Bf4 O-O 6. e3 c5 7. dxc5 Qa5 8. Rc1 Rd8 9. Qa4 Qxc5 10.
Rd1 Bd7 11. Qb3 Bc6 12. Be2 e6 13. O-O Nbd7 14. Ne5 Nxe5 15. Bxe5 dxc4 16. Bd4 Qxd4 17. Qxc4 Qxc4 18. Bxc4 Rac8 19.
Bb3 Kf8 20. Ne2 Bb5 21. Rfe1 Rxd1 22. Bxd1 Bxe2 23. Rxe2 Rc1 24. Re1 Nd5 25. b3 Nc3 0-1

[Event "Régional Jeunes Occitanie 2024"]
[Site "L'Isle Jourdain, France"]
[Date "2024.02.22"]
[Round "3.7"]
[White "CASSAGNERES, Charlie"]
[Black "BAUER, Pierre"]
[Result "0-1"]
[TimeControl "1h30 + 30s/cps"]
[WhiteElo "1238"]
[BlackElo "1765"]

1. d4 Nf6 2. c4 g6 3. Nc3 Bg7 4.
Nf3 d6 5. e4 O-O 6. Be2 e5 7. d5 a5 8. Bg5 Na6 9. O-O Nc5 10. Qc2 h6 11. Be3 Nfd7 12. Ne1 f5 13. exf5 gxf5 14. Nd3 f4 15. Bxc5 Nxc5 16.
Nxc5 dxc5 17. Bf3 Bf5 18. Be4 Bxe4 19. Qxe4 f3 20. g3 Qg5 21. h4 Qe7 22. Rad1 Qd7 23. Rd3 Rf4 24. Qg6 Ra6 25.
d6 Rf6 26. Qe4 Raxd6 27. Rxf3 Rxf3 28. Qxf3 b6 29. Nd5 b5 30. Ne3 c6 31. cxb5 cxb5 32. Rd1 Rxd1+ 33. Qxd1 Qxd1+ 34. Nxd1 e4 35.
Kf1 Kf7 36. Ke2 Ke6 37. Ke3 Kf5 38. Nc3 Bxc3 39. bxc3 b4 40. cxb4 cxb4 41. g4+ Kxg4 42. Kxe4 a4 43. Kd4 b3 44.
axb3 axb3 45. Kc3 Kxh4 46. Kxb3 Kg4 47. Kc4 Kf3 48. Kd4 h5 0-1

[ePGN "0.1;DGT LiveChess/2.2.6"]

[Event "Régional Jeunes Occitanie 2024"]
[Site "L'Isle Jourdain, France"]
[Date "2024.02.22"]
[Round "4.6"]
[White "LAVAL, Nolan"]
[Black "MORALES, Maxime"]
[Result "1-0"]
[TimeControl "1h30 + 30s/cps"]
[WhiteElo "1454"]
[BlackElo "1303"]

1. e4 c5 2. Nf3 e6 3. d4 cxd4 4. Nxd4 a6 5. Bd3 Nf6 6. O-O Qc7 7. c4 d6 8. Nc3 Be7 9. b3 O-O 10.
Bb2 Nbd7 11. Qe2 b6 12. Rad1 Bb7 13. Rfe1 Rac8 14. Bb1 Qb8 15. Nc2 Bd8 16. Ne3 Bc7 17. h3 Rfd8 18. Rd2 Ne5 19. Red1 Nfd7 20. f4 Ng6 21.
Qf2 Nf6 22. g3 Qa8 23. Qf3 h5 24. h4 Ne7 25. Kh2 Nf5 26. Nxf5 exf5 27. Nd5 Nxd5 28. exd5 g6 29. Qc3 Kf8 30. Qg7+ Ke7 31. Re2+ Kd7 32. Qxf7# 1-0

[Event "Régional Jeunes Occitanie 2024"]
[Site "L'Isle Jourdain, France"]
[Date "2024.02.22"]
[Round "4.3"]
[White "PIERROT, Yohann"]
[Black "PERROUIN, Alexian"]
[Result "1/2-1/2"]
[TimeControl "1h30 + 30s/cps"]
[WhiteElo "2053"]
[BlackElo "1829"]

1. e4 c5 2. Nf3 g6 3. d4 cxd4 4. Nxd4 Nc6 5. c4 Nf6 6. Nc3 d6 7. Be2 Nxd4 8. Qxd4 Bg7 9. Be3 O-O 10.
Qd2 a5 11. O-O a4 12. Rac1 Qa5 13. Rfd1 Be6 14. f3 Rfc8 15. Nd5 Qxd2 16. Rxd2 Nxd5 17. exd5 Bd7 18. a3 h5 19. Kf2 Bf6 20.
Re1 Rab8 21. Bb6 Bg5 22. Rdd1 Bf5 1/2-1/2

[Event "Régional Jeunes Occitanie 2024"]
[Site "L'Isle Jourdain, France"]
[Date "2024.02.22"]
[Round "4.8"]
[White "BAILLIA, Akrem"]
[Black "MARTINEZ, Julien"]
[Result "0-1"]
[TimeControl "1h30 + 30s/cps"]
[WhiteElo "1306"]
[BlackElo "1556"]

1. e4 c6 2. Nf3 d5 3. Nc3 dxe4 4. Nxe4 Nf6 5. Qe2 Nxe4 6. Qxe4 Nd7 7. Bc4 Nf6 8. Ne5 e6 9. Qe2 Bd6 10. d4 Qc7 11. O-O O-O 12.
Bg5 Nd5 13. Bh4 b5 14. Bb3 Nf4 15. Qe4 Nd5 16. c3 Bb7 17. Bc2 f5 18. Qe2 a6 19. h3 c5 20. Rac1 Nf4 21. Qe3 Nxg2 22.
Qg3 Nxh4 23. Qxh4 Bxe5 24. dxe5 Qxe5 25. Qe7 Qd5 26. f3 Rf6 27. Rcd1 Qe5 28. Rf2 Bd5 29. Qxc5 Rg6+ 30. Kf1 Bc4+ 31.
Qxc4 bxc4 32. f4 Qc7 33. Re1 Rd8 34. b3 Rd6 35. b4 Rg3 36. a4 Rxc3 37. Rb1 Qb7 38. Bd1 Rcd3 39. Bc2 Rd2 40. Rxd2 Rxd2 41. Ke1 Rxc2 42. Kd1 Rh2 43. b5 Qh1# 0-1

[Event "Régional Jeunes Occitanie 2024"]
[Site "L'Isle Jourdain, France"]
[Date "2024.02.22"]
[Round "4.2"]
[White "CLAVERIE, Gabriel"]
[Black "CANFRAN, Joan"]
[Result "1/2-1/2"]
[TimeControl "1h30 + 30s/cps"]
[WhiteElo "1132"]
[BlackElo "1710"]

1. e4 g6 2. d4 Bg7 3. Bc4 d6 4. Nf3 Nf6 5. Nc3 O-O 6. h3 Nxe4 7. Nxe4 d5 8. Bxd5 Qxd5 9. Nc3 Qc4 10. Qe2 Qxe2+ 11. Nxe2 Bf5 12.
c3 Be4 13. Bf4 c6 14. O-O-O Nd7 15. Ng3 Bxf3 16. gxf3 e5 17. Be3 Nb6 18. f4 exd4 19. Bxd4 Bxd4 20. Rxd4 Rad8 21. Rhd1 Rxd4 22.
Rxd4 f5 23. b3 Kf7 24. a4 Ke7 25. Kc2 Rd8 26. Rxd8 Kxd8 27. Kd3 Nd5 28. Ne2 Ke7 29. Kd4
Kd6 30. b4 1/2-1/2